 Dungeon Crawl Stone Soup version 0.26-a0-682-g294304f6e8 (console) character file.

Game seed: 13382851389164232112

43562 om the Nimble (level 14, -10/84 HPs)
             Began as a Gargoyle Monk on Oct 21, 2020.
             Was a High Priest of the Shining One.
             Mangled by an orc warrior
             ... wielding a +0 battleaxe
              (35 damage)
             ... on level 2 of the Orcish Mines.
             The game lasted 00:56:49 (26364 turns).

om the Nimble (Gargoyle Monk)                      Turns: 26364, Time: 00:56:49

Health: -10/84     AC: 27    Str: 19    XL:     14   Next: 24%
Magic:  24/24      EV: 13    Int: 11    God:    the Shining One [*****.]
Gold:   1970       SH: 10    Dex: 19    Spells: 20/27 levels left

rFire    . . .     SeeInvis .   c - +0 morningstar
rCold    . . .     Faith    .   y - +1 buckler
rNeg     + + +     Spirit   .   o - +0 chain mail
rPois    ∞         Reflect  +   i - +2 hat
rElec    +         Harm     .   s - +1 cloak
rCorr    .         Rampage  .   x - +0 pair of gloves
MR       +....                  (no boots)
Stlth    ..........             R - amulet of reflection
HPRegen  0.24/turn              N - +4 ring of slaying
MPRegen  0.19/turn              n - +6 ring of dexterity

@: flying, glowing
A: big wings, negative energy resistance 1, electricity resistance, unbreathing,
petrification resistance, rot immunity, AC +10
a: Stop Flying, Divine Shield, Cleansing Flame, Summon Divine Warrior, Renounce
Religion


You were on level 2 of the Orcish Mines.
You worshipped the Shining One.
The Shining One was extremely pleased with you.
You visited 3 branches of the dungeon, and saw 19 of its levels.

You collected 2060 gold pieces.
You spent 90 gold pieces at shops.

Inventory:

Hand Weapons
 a - a +0 mace
 c - a +0 morningstar (weapon)
 C - a +1 hand crossbow
 F - the +7 flail "Zeahit" {antimagic, rF- Str+4 Int+7 Dex-2}
   (You found it on level 8 of the Dungeon)

   It reduces the magical energy of the wielder, and disrupts the spells and
   magical abilities of those hit.
   Natural abilities and divine invocations are not affected.
   It affects your strength (+4).
   It affects your intelligence (+7).
   It affects your dexterity (-2).
   It makes you vulnerable to fire.
Missiles
 J - 76 bolts
Armour
 i - a +2 hat (worn)
 o - a +0 chain mail (worn)
 s - a +1 cloak (worn)
 x - a +0 pair of gloves (worn)
 y - a +1 buckler (worn)
Jewellery
 n - a +6 ring of dexterity (right hand)
 r - an uncursed ring of stealth
 t - a +4 ring of evasion
 w - an uncursed ring of resist corrosion
 A - an uncursed ring of see invisible
 N - a +4 ring of slaying (left hand)
 R - an amulet of reflection (around neck)
Wands
 D - a wand of iceblast (20)
 G - a wand of paralysis (18)
 L - a wand of polymorph (16)
 T - a wand of flame (21)
Scrolls
 b - 8 scrolls of remove curse
 e - 4 scrolls of teleportation
 f - 5 scrolls of amnesia
 g - a scroll of vulnerability {unknown}
 k - 4 scrolls of magic mapping
 p - 2 scrolls of fear
 v - 2 scrolls of enchant armour
 M - 2 scrolls of enchant weapon
Potions
 d - 2 potions of cancellation {unknown}
 h - 4 potions of brilliance
 l - 3 potions of might
 m - 4 potions of curing
 q - a potion of heal wounds {unknown}
 u - 5 potions of haste
 E - a potion of ambrosia {unknown}
 H - a potion of lignification
 I - 3 potions of resistance
 Q - 2 potions of flight {unknown}
 S - 2 potions of mutation {unknown}
Miscellaneous
 j - a box of beasts (1/3)


   Skills:
 - Level 8.0 Fighting
 - Level 10.0 Maces & Flails
 - Level 10.0 Armour
 - Level 10.2 Dodging
 - Level 3.0 Stealth
 - Level 7.0 Spellcasting
 * Level 6.9 Summonings
 * Level 7.6 Translocations
 * Level 2.5 Ice Magic
 - Level 8.0 Invocations
 * Level 2.2 Evocations


You had 20 spell levels left.
You knew the following spells:

 Your Spells              Type           Power        Failure   Level
a - Blink                 Tloc           N/A          16%         2
b - Summon Small Mammal   Summ           ###.         13%         1
c - Call Canine Familiar  Summ           ###.....     36%         3
d - Freeze                Ice            #...         63%         1

Your spell library contained the following spells:

 Spells                   Type           Power        Failure   Level
 Call Imp                 Summ           ###.....     21%         2
 Summon Guardian Golem    Hex/Summ       ##......     86%         3
 Magic Dart               Conj           #...         92%         1
 Frozen Ramparts          Ice            #.....       94%         3
 Ozocubu's Armour         Ice            #.......     94%         3
 Summon Ice Beast         Ice/Summ       ##......     97%         4
 Slow                     Hex            #.......     98%         2
 Summon Lightning Spire   Summ/Air       ##......     99%         4
 Conjure Flame            Conj/Fire      #.......     100%        3
 Mephitic Cloud           Conj/Pois/Air  #.......     100%        3
 Hailstorm                Conj/Ice       #.......     100%        4


Dungeon Overview and Level Annotations

Branches:
Dungeon (14/15)            Temple (0/1) D:7            Lair (3/6) D:9
 Shoals (0/4) Lair:2          Orc (2/2) D:9          Vaults (0/5) D:13
  Snake: Lair:2-4    Spider: Lair:2-4       Elf: Orc:2

Altars:
Ashenzari
Cheibriados
Elyvilon
Kikubaaqudgha
Makhleb
Okawaru
Qazlal
Sif Muna
Trog
Vehumet
Zin
The Shining One

Shops:
D:4 ?   D:7 [}   D:11 }   D:13 *


Innate Abilities, Weirdness & Mutations

You are resistant to torment.
Your stone body is resilient. (AC +10)
You are immune to poison.
Your large and strong wings let you fly indefinitely.
You resist negative energy. (rN+)
You are resistant to electric shocks. (rElec)
You can survive without breathing.
You are immune to petrification.
You are immune to rotting.


Message History

Your chain mail prevents you from hitting the orc high priest.
The orc high priest is severely wounded.
You block the orc warrior's attack. The ogre hits you with a +0 giant club.
The orc warrior closely misses you.
The orc high priest hits you but does no damage.
You block the red devil's attack.
You closely miss the orc high priest.
The orc high priest is severely wounded.
The orc warrior hits you with a +0 dire flail!!
The ogre hits you with a +0 giant club!
* * * LOW HITPOINT WARNING * * *
The orc high priest mumbles some strange prayers to Beogh.
The orc high priest is healed somewhat.
The orc warrior hits you but does no damage.
Your shield and chain mail prevent you from hitting the orc high priest.
The orc high priest is heavily wounded.
You block the red devil's attack. The orc warrior misses you.
The orc high priest hits you but does no damage.
The ogre closely misses you.
The orc warrior hits you with a +0 battleaxe!!
You die...

.. ##.#....## ..
##........## ..
##..........# ..
###..........####
..####.###........##.#
...##...............#
.............#......##
##..........####o....##
##.........## #.......#
O.........## ####....#
##........#####o@)....#
##..#...4o#.##oOo[...#.#
##.#.......##434[....#
###.#.o.....oo)...###
###.............#
##....(......##
#..........##
###.......## .........#
............
............


You could see an orc knight, an orc high priest (strong), a rust devil
(summoned), a sixfirhy (summoned), a red devil (summoned), 2 orc warriors, an
ogre and an orc (strong).

Vanquished Creatures
  An ironheart preserver (D:13)
  Fannar (D:10)
  Harold (D:8)
  A centaur warrior (D:14)
  A queen ant (Lair:2)
  3 hydras
  A death knight (D:13)
  3 death yaks (D:9)
  2 two-headed ogres (D:12)
  An orc high priest (Orc:1)
  A skeletal warrior (D:12)
  An unseen horror (D:13)
  Pikel (D:7)
  A lindwurm (Lair:3)
  An orc knight (Orc:1)
  2 ugly things
  2 manticores
  2 cyclopes
  2 deep elf magi (D:13)
  3 elephants (Lair:3)
  5 cane toads
  2 gargoyles
  2 rime drakes
  7 komodo dragons
  Maggie (D:7)
  A kobold demonologist (D:14)
  A freezing wraith (D:13)
  A hornet (D:13)
  A troll (Orc:1)
  Prince Ribbit (D:7)
  7 blink frogs
  A meliai zombie (D:13)
  9 slime creatures
  2 shadows (D:13)
  3 wyverns
  2 vampires
  18 yaks (Lair:1)
  Grum (D:7)
  4 basilisks
  A golden eye (shapeshifter) (D:13)
  A steam dragon (D:12)
  A warg (D:9)
  Menkaure (D:7)
  5 soldier ants (Lair:2)
  4 water moccasins
  17 orc warriors
  3 ice beasts
  3 phantoms
  2 sky beasts (D:7)
  3 black bears
  2 eyes of draining
  2 wolves (D:8)
  13 centaurs
  9 ogres
  A lemure (D:8)
  A big kobold (D:7)
  Blork the orc (D:5)
  A gnoll sergeant (D:6)
  2 wyvern zombies
  15 bullfrogs
  18 killer bees
  8 wights
  4 howler monkeys
  5 electric eels (Lair:2)
  A bullfrog zombie (D:7)
  3 centaur zombies
  7 hounds
  A quasit (D:11)
  4 orc priests
  5 jellies
  5 centaur skeletons
  A hell rat (D:9)
  3 iguanas
  20 orc wizards
  16 worker ants
  A hound skeleton (D:11)
  A worker ant zombie (D:5)
  Robin (D:3)
  13 adders
  6 gnolls (D:7)
  2 river rats (D:9)
  2 shadow imps
  A white imp (D:6)
  3 ufetubi
  An ooze (D:5)
  An adder skeleton (D:4)
  8 leopard geckos
  70 orcs
  5 bats
  10 giant cockroaches
  13 goblins
  7 hobgoblins
  3 jackals (D:3)
  14 kobolds
  9 quokkas
  9 frilled lizards
  A jackal skeleton (D:7)
  A leopard gecko skeleton (D:3)
  10 rats
481 creatures vanquished.

Vanquished Creatures (collateral kills)
  A stone giant (Orc:1)
  An orc knight (Orc:1)
  An orc (Orc:1)
3 creatures vanquished.

Vanquished Creatures (others)
  38 fungi
  18 plants
56 creatures vanquished.

Grand Total: 540 creatures vanquished

Notes
Turn   | Place    | Note
-------+----------+-------------------------------------------
     0 | D:1      | om the Gargoyle Monk began the quest for the Orb.
     0 | D:1      | Reached XP level 1. HP: 14/14 MP: 1/1
   425 | D:1      | Found a glowing golden altar of the Shining One.
   483 | D:1      | Became a worshipper of the Shining One
   483 | D:1      | Reached * piety under the Shining One
   483 | D:1      | Reached ** piety under the Shining One
   557 | D:1      | Reached XP level 2. HP: 19/19 MP: 2/2
  1060 | D:1      | Reached XP level 3. HP: 23/23 MP: 3/3
  1625 | D:3      | Noticed Robin
  1826 | D:3      | Reached XP level 4. HP: 28/29 MP: 4/4
  1836 | D:3      | Killed Robin
  2074 | D:3      | Found a bloodstained altar of Trog.
  2316 | D:3      | Found a shimmering blue altar of Sif Muna.
  2342 | D:3      | Reached skill level 1 in Invocations
  2342 | D:3      | Reached XP level 5. HP: 31/33 MP: 5/5
  2727 | D:4      | Found a broken altar of Ashenzari.
  2735 | D:4      | Reached *** piety under the Shining One
  2739 | D:4      | Found Saqarir's Magic Scroll Shoppe.
  2746 | D:4      | Bought a scroll of amnesia for 35 gold pieces
  2746 | D:4      | Bought a scroll of magic mapping for 35 gold pieces
  2746 | D:4      | Bought a scroll of identify for 20 gold pieces
  2822 | D:4      | Found a glowing golden altar of the Shining One.
  2822 | D:4      | Noticed an ogre
  2832 | D:4      | Killed an ogre
  2832 | D:4      | Reached XP level 6. HP: 15/38 MP: 4/8
  3054 | D:4      | Found an iron altar of Okawaru.
  3476 | D:5      | Entered Level 5 of the Dungeon
  3501 | D:4      | Reached skill level 5 in Maces & Flails
  3678 | D:5      | Found a bloodstained altar of Trog.
  3678 | D:5      | Found a white marble altar of Elyvilon.
  3707 | D:5      | Found a burning altar of Makhleb.
  3708 | D:5      | Noticed Blork the orc
  3731 | D:5      | Killed Blork the orc
  3731 | D:5      | Reached XP level 7. HP: 23/43 MP: 9/9
  4072 | D:5      | Found a radiant altar of Vehumet.
  4170 | D:5      | Found a stormy altar of Qazlal.
  4179 | D:5      | Found a snail-covered altar of Cheibriados.
  4685 | D:6      | Reached **** piety under the Shining One
  5409 | D:5      | The Shining One protects you from harm!
  5412 | D:5      | Reached skill level 1 in Armour
  5412 | D:5      | Reached skill level 5 in Invocations
  5412 | D:5      | Reached XP level 8. HP: 11/48 MP: 7/11
  6837 | D:7      | Found a staircase to the Ecumenical Temple.
  6878 | D:7      | Found Naim's Gadget Emporium.
  7284 | D:7      | Found Heluzxeu's Antique Armour Boutique.
  7306 | D:7      | Noticed Menkaure
  7323 | D:7      | Killed Menkaure
  7528 | D:7      | Reached skill level 5 in Fighting
  7652 | D:7      | Noticed Maggie
  7666 | D:7      | Reached XP level 9. HP: 54/54 MP: 13/13
  7861 | D:7      | Killed Maggie
  8204 | D:7      | Found an ancient bone altar of Kikubaaqudgha.
  8292 | D:7      | Reached skill level 5 in Armour
  8563 | D:8      | Reached skill level 5 in Dodging
  8847 | D:8      | Noticed Grum
  8849 | D:8      | Noticed Prince Ribbit
  8853 | D:8      | Found a glowing silver altar of Zin.
  9031 | D:7      | Killed Prince Ribbit
  9220 | D:8      | Noticed Harold
  9242 | D:8      | Killed Harold
  9242 | D:8      | Reached XP level 10. HP: 56/59 MP: 14/14
  9259 | D:8      | Noticed Pikel
  9498 | D:7      | Killed Pikel
  9543 | D:7      | Killed Grum
 10572 | D:9      | Noticed a death yak
 10621 | D:9      | Killed a death yak
 10621 | D:9      | Reached skill level 10 in Dodging
 10621 | D:9      | Reached XP level 11. HP: 49/63 MP: 13/15
 10777 | D:9      | Noticed a death yak
 10919 | D:9      | Noticed a death yak
 10945 | D:9      | Killed a death yak
 10952 | D:9      | Killed a death yak
 11244 | D:9      | Found a staircase to the Orcish Mines.
 11568 | D:8      | Got a transparent flail
 11569 | D:8      | Identified the +7 flail "Zeahit" {antimagic, rF- Str+4
                  | Int+7 Dex-2} (You found it on level 8 of the Dungeon)
 11656 | D:9      | Found the cursed +14 obsidian axe {vorpal, +Fly SInv
                  | *Curse}
 11836 | D:9      | Found a staircase to the Lair.
 12172 | D:10     | Entered Level 10 of the Dungeon
 12277 | D:10     | Noticed a cyan ugly thing
 12293 | D:10     | Killed a cyan ugly thing
 12609 | D:10     | Noticed Fannar
 12640 | D:10     | Killed Fannar
 13839 | Lair:1   | Entered Level 1 of the Lair of Beasts
 14597 | Lair:1   | Reached XP level 12. HP: 38/71 MP: 6/18
 14836 | D:11     | Found Murof's Gadget Boutique.
 15486 | D:12     | Reached skill level 10 in Maces & Flails
 15540 | D:12     | Noticed an eight-headed hydra
 16313 | D:12     | Noticed a two-headed ogre
 16322 | D:12     | Killed a two-headed ogre
 16339 | D:12     | Killed an eight-headed hydra
 16339 | D:12     | Reached skill level 10 in Armour
 16650 | D:12     | Reached skill level 1 in Spellcasting
 16911 | D:13     | Noticed a two-headed ogre
 16917 | D:12     | Killed a two-headed ogre
 17655 | D:12     | Reached skill level 5 in Spellcasting
 18444 | D:13     | Learned a level 2 spell: Blink
 18484 | D:13     | Reached ***** piety under the Shining One
 18521 | D:13     | Reached skill level 1 in Translocations
 18619 | D:13     | Reached XP level 13. HP: 76/76 MP: 7/23
 18687 | D:13     | Found Zaenef's Assorted Antiques.
 19211 | D:13     | Found a gate to the Vaults.
 19211 | D:13     | Noticed an ironheart preserver
 19261 | D:13     | Killed an ironheart preserver
 19448 | D:13     | Learned a level 1 spell: Summon Small Mammal
 19666 | D:13     | Reached skill level 1 in Summonings
 19813 | D:14     | Got a pair of translucent gloves
 19824 | D:14     | Identified the +1 pair of gloves of the Purple Skies {rC-
                  | rCorr MP+9} (You found it on level 14 of the Dungeon)
 19936 | D:14     | Reached skill level 5 in Translocations
 20613 | Lair:1   | Identified a scroll of acquirement
 20613 | Lair:1   | Acquired 749 gold pieces
 21140 | Lair:2   | Found a staircase to the Shoals.
 21192 | Lair:2   | Reached skill level 5 in Summonings
 22700 | Lair:2   | Gained mutation: Your large and strong wings let you fly
                  | indefinitely. [Gargoyle growth]
 22700 | Lair:2   | Reached XP level 14. HP: 74/84 MP: 11/24
 23041 | D:13     | Learned a level 3 spell: Call Canine Familiar
 23110 | D:14     | Learned a level 1 spell: Freeze
 23357 | Lair:3   | Reached skill level 1 in Ice Magic
 23357 | Lair:3   | Reached skill level 1 in Evocations
 23598 | Orc:1    | Entered Level 1 of the Orcish Mines
 24355 | Orc:2    | Entered Level 2 of the Orcish Mines
 24641 | Orc:2    | Noticed an orc warlord
 25059 | Orc:2    | Noticed a stone giant
 25338 | Orc:1    | Killed a stone giant
 25491 | Orc:2    | Noticed an orc warlord
 26364 | Orc:2    | Mangled by an orc warrior

Illustrated notes

Levels and vault maps discovered:
D:1:      dpeg_arrival_tiny_k, layout_basic, tso_metal_star
D:2:      layout_basic
D:3:      layout_basic, old_standard_altar, trog_butcher_becter, uniq_robin
D:4:      layout_basic, lemuel_round_altar, nicolae_overflow_hidden_temple,
          nicolae_overflow_crystal_walls, serial_shops, shop
D:5:      layout_rooms, cheibriados_altar_1, kennysheep_little_box,
          makhleb_heckhound_becter, lemuel_crystal_altar,
          gammafunk_temple_overflow_wave, kennysheep_nub, uniq_blork_the_orc
D:6:      layout_layer_cave, eino_small_chamber_without_monster,
          chequers_mini_garden
D:7:      layout_loops_ring, marbit_many_paths, minmay_temple_entry_mini_moons,
          serial_shops, shop, kennysheep_mini, uniq_maggie, uniq_menkaure
D:8:      layout_rooms, zin_academy, minmay_checkerbox, uniq_prince_ribbit1,
          uniq_grum, uniq_pikel, uniq_harold
D:9:      layout_grid_maze, dpeg_lair_monsters, david_orc_2
D:10:     layout_small_grid, uniq_fannar
D:11:     layout_cave_pools, serial_shops, nicolae_shop_waterfront
D:12:     layout_long_grid
D:13:     layout_loops_ring, skrybe_vaults_entry_preservation, serial_shops,
          shop
D:14:     layout_gridville, serial_bayou_pond_d
Lair:1:   layout_regular_city, serial_bayou_shore_b
Lair:2:   layout_regular_city, elwin_shoals_entry_rooms,
          nicolae_quartered_pool_medium, wad_woods_antlair, lemuel_fruit_tree,
          serial_bayou_shore_a
Lair:3:   layout_misc_corridors, nicolae_spider_entry_non_spiders
Orc:1:    layout_diamond_mine
Orc:2:    grunt_orc_gardens, layout_diamond_mine, grunt_orc_garden,
          grunt_orc_garden, grunt_orc_garden, grunt_orc_garden

Skill      XL: |  1  2  3  4  5  6  7  8  9 10 11 12 13 14 |
---------------+-------------------------------------------+-----
Stealth        | 3 |  3.0
Maces & Flails | 4 5 6 7 8 9 10 | 10.0
Fighting       | 4 5 6 7 8 |  8.0
Dodging        | 3 4 7 10 | 10.2
Invocations    | 1 2 3 5 6 8 |  8.0
Armour         | 1 3 6 8 10 | 10.0
Spellcasting   | 7 |  7.0
Translocations | 1 7 |  7.6
Summonings     | 6 |  6.9
Ice Magic      | 2 |  2.5
Evocations     | 2 |  2.2

Action                   |  1- 3 |  4- 6 |  7- 9 | 10-12 | 13-15 || total
-------------------------+-------+-------+-------+-------+-------++-------
Melee: Mace              |   101 |   190 |   502 |   425 |       ||  1218
       Unarmed           |       |       |     1 |       |       ||     1
       Flail             |       |       |       |   498 |   484 ||   982
       Morningstar       |       |       |       |       |   155 ||   155
 Fire: Hand crossbow     |       |       |       |       |     3 ||     3
 Cast: Call Canine Famil |       |       |       |       |     4 ||     4
       Summon Small Mamm |       |       |       |       |     2 ||     2
       Blink             |       |       |       |       |     2 ||     2
Invok: Divine Shield     |       |     1 |     2 |     4 |     1 ||     8
       Cleansing Flame   |       |       |     1 |     2 |       ||     3
 Abil: Fly               |       |       |       |       |     1 ||     1
Evoke: Wand              |       |       |       |     5 |     1 ||     6
       Box of beasts     |       |       |       |       |     2 ||     2
  Use: Scroll            |       |     2 |     3 |     3 |    15 ||    23
       Potion            |       |       |     3 |     5 |     1 ||     9
 Stab: Sleeping          |     1 |       |       |       |       ||     1
Armor: Robe              |    13 |       |       |       |       ||    13
       Ring mail         |    31 |    72 |    43 |       |       ||   146
       Plate armour      |       |       |   198 |   618 |   209 ||  1025
       Skin              |       |       |     1 |       |       ||     1
       Chain mail        |       |       |       |       |   140 ||   140
Dodge: Dodged            |    78 |   197 |   333 |   760 |   357 ||  1725
Block: Other             |       |     3 |       |       |       ||     3
       Buckler           |       |       |    68 |   211 |   265 ||   544
       Reflection        |       |       |       |       |     2 ||     2

Table legend: (Time is in decaauts)
 A = Elapsed time spent in this place.
 B = Non-inter-level travel time spent in this place.
 C = Inter-level travel time spent in this place.
 D = Time resting spent in this place.
 E = Time spent auto-exploring this place.
 F = Levels seen in this place.
 G = Mean time per level.
                   A        B        C        D        E       F      G
               +--------+--------+--------+--------+--------+-----+--------+
         Total |  26553 |  24090 |   2463 |   8002 |  11069 |  19 | 1397.5 |
       Dungeon |  21570 |  19539 |   2031 |   6776 |   8851 |  14 | 1540.7 |
          Lair |   3207 |   2798 |    409 |    259 |   1880 |   3 | 1069.0 |
  Orcish Mines |   1776 |   1754 |     22 |    967 |    338 |   2 |  888.0 |
               +--------+--------+--------+--------+--------+-----+--------+

Top non-repeatable levels by time:
     D:9: 3475 daAuts
    D:12: 3071 daAuts
     D:7: 2286 daAuts
    D:13: 1722 daAuts
     D:5: 1669 daAuts
   Orc:1: 1587 daAuts
     D:6: 1576 daAuts
  Lair:2: 1429 daAuts
     D:8: 1341 daAuts
  Lair:1: 1292 daAuts
     D:4: 1238 daAuts
     D:1: 1170 daAuts
    D:10: 1100 daAuts
     D:3: 999 daAuts
     D:2: 779 daAuts
